 Dungeon Crawl Stone Soup version 0.22.1-1-ga44c0e5 (webtiles) character file.

143 Irenicus the Chopper (level 5, 0/46 HPs)
             Began as a Deep Dwarf Monk on Sept 26, 2018.
             Was a Priest of Makhleb.
             Slain by a human zombie (2 damage)
             ... in an ossuary.
             The game lasted 00:08:04 (964 turns).

Irenicus the Chopper (Deep Dwarf Monk)               Turns: 964, Time: 00:08:08

Health: 0/46       AC:  3    Str: 15    XL:     5   Next: 4%
Magic:  5/5        EV: 13    Int: 10    God:    Makhleb [***...]
Gold:   139        SH:  5    Dex: 16    Spells: 3/4 levels left

rFire    . . .     SeeInvis .   a - +0 hand axe
rCold    . . .     Gourm    .   d - +1 buckler
rNeg     . . .     Faith    .   i - +0 leather armour
rPois    .         Spirit   .   (no helmet)
rElec    .         Reflect  .   (no cloak)
rCorr    .         Harm     .   (no gloves)
MR       .....                  (no boots)
Stlth    ++........             (no amulet)
HPRegen  0.00/turn              (no ring)
MPRegen  0.09/turn              (no ring)

@: marked, non-regenerating
A: damage resistance, heal wounds, sense surroundings 1, no regeneration
a: Heal Wounds, Minor Destruction, Lesser Servant of Makhleb, Renounce Religion


You were in an ossuary.
You worshipped Makhleb.
Makhleb was most pleased with you.
You were hungry.

You visited 1 branch of the dungeon, and saw 4 of its levels.
You also visited: Ossuary.

You collected 139 gold pieces.

Inventory:

Hand Weapons
 a - a +0 hand axe (weapon)
 h - a +0 war axe
Armour
 d - a +1 buckler (worn)
 i - a +0 leather armour (worn)
Scrolls
 f - a scroll of remove curse
Potions
 e - a potion of flight
 g - 2 potions of curing
Comestibles
 c - 2 rations


   Skills:
 - Level 2.6 Fighting
 + Level 5.4 Axes
 - Level 3.2 Dodging
 - Level 3.6 Stealth
 * Level 1.9 Shields


You had 3 spell levels left.
You knew the following spells:

 Your Spells              Type           Power        Failure   Level  Hunger
a - Animate Skeleton      Necr           N/A          52%         1    ##.....

Your spell library contained the following spells:

 Spells                   Type           Power        Failure   Level  Hunger
 Pain                     Necr           #...         52%         1    ##.....
 Vampiric Draining        Necr           #.........   88%         3    ####...
 Animate Dead             Necr           N/A          99%         4    #####..
 Regeneration             Chrm/Necr      Unusable     N/A         3    N/A

Dungeon Overview and Level Annotations

Branches:
Dungeon (4/15)
 Temple: D:4-7

Altars:
Fedhas
Makhleb
Trog

Annotations:
D:3 Sigmund


Innate Abilities, Weirdness & Mutations

You are resistant to damage.
You can heal yourself by infusing magical energy.
You passively map a small area around you.
You do not regenerate.


Message History

You destroy the rat zombie!
Makhleb accepts your kill. You block the mummy's attack.
The elf zombie barely misses you.
You hit the mummy.
The mummy is almost destroyed.
You hit the elf zombie. You hit the hobgoblin zombie.
You destroy the hobgoblin zombie!
Makhleb accepts your kill.
You feel better. The mummy barely misses you.
You hit the mummy but do no damage.
The mummy is almost destroyed.
You hit the human zombie but do no damage.
You barely miss the mummy. The human zombie hits you.
You hit the mummy but do no damage.
The mummy is almost destroyed.
You barely miss the human zombie. You closely miss the mummy.
The mummy hits you!
* * * LOW HITPOINT WARNING * * *
The human zombie hits you.
You die...

#...# ##...# #...#
#...# ....+####...#
#...# #.∩.....#...#
#...# , #.......#...#
#...#, #.......#...#
#...#Z####.ZZ....#...#
#...#.Z...ZZZ...Z#...#
#...#.####MZ####.#...#
#...#, ,#M@# ,#...#
#...# , #..#,,, #...#
#...######.^######...#
#....................#
#........8..8........#
#....................#
#....................#
######################


You could see 2 mummies, 2 kobold zombies, an orc zombie, 2 elf zombies and a
human zombie.

Vanquished Creatures
  An orc priest (D:3)
  3 adders
  2 dart slugs (D:1)
  2 leopard geckos (D:3)
  7 orcs (D:3)
  3 giant cockroaches
  8 goblins
  6 hobgoblins
  3 jackals (D:1)
  5 bats
  5 frilled lizards
  7 hobgoblin zombies (Ossuary)
  5 kobolds
  10 kobold zombies (Ossuary)
  4 orc zombies (Ossuary)
  7 rats
  2 rat zombies (Ossuary)
80 creatures vanquished.

Notes
Turn   | Place    | Note
-------+----------+-------------------------------------------
     0 | D:1      | Irenicus the Deep Dwarf Monk began the quest for the Orb.
     0 | D:1      | Reached XP level 1. HP: 20/20 MP: 1/1
   101 | D:1      | Reached XP level 2. HP: 27/27 MP: 2/2
   243 | D:1      | Reached skill level 4 in Axes
   300 | D:1      | Reached XP level 3. HP: 33/33 MP: 3/3
   365 | D:2      | Found a bloodstained altar of Trog.
   365 | D:2      | Found a burning altar of Makhleb.
   367 | D:2      | Found a blossoming altar of Fedhas.
   376 | D:2      | Became a worshipper of Makhleb the Destroyer
   376 | D:2      | Reached * piety under Makhleb
   376 | D:2      | Reached ** piety under Makhleb
   563 | D:3      | Reached XP level 4. HP: 29/40 MP: 4/4
   582 | D:3      | Reached skill level 5 in Axes
   614 | D:3      | Learned a level 1 spell: Animate Skeleton
   645 | D:3      | Reached skill level 1 in Shields
   725 | D:3      | Noticed Sigmund
   789 | D:4      | Found a sand-covered staircase.
   795 | Ossuary  | Entered an ossuary
   896 | Ossuary  | Reached XP level 5. HP: 30/46 MP: 5/5
   914 | Ossuary  | Reached *** piety under Makhleb
   964 | Ossuary  | HP: 2/46 [mummy (12)]
   964 | Ossuary  | Slain by a human zombie

Skill      XL: |  1  2  3  4 |
---------------+-------------+-----
Stealth        | 3 |  3.6
Axes           | 4 5 |  5.4
Shields        | 1 |  1.9
Fighting       | |  2.6
Dodging        | |  3.2

Action                   |  1- 3 |  4- 6 || total
-------------------------+-------+-------++-------
Melee: Hand axe          |   122 |   130 ||   252
 Abil: Heal Wounds       |       |     1 ||     1
  Use: Potion            |     3 |     1 ||     4
       Scroll            |     1 |     2 ||     3
 Stab: Sleeping          |     9 |     1 ||    10
Armor: Robe              |    25 |     7 ||    32
       Leather armour    |       |    11 ||    11
       Skin              |       |     4 ||     4
Dodge: Dodged            |   101 |    60 ||   161
Block: Buckler           |       |    25 ||    25
